AoeStats
← WING123456

Fortress

510078172Analyzed
4v4 RM · 3d ago on Sep 29, 2026· 52m 44s· 8 players
Game mode
Random Map
Map size
Huge
Population
200
Speed
Normal
Resources
Standard
Victory
Conquest
Starting age
Dark Age
Ending age
Imperial Age
RankedLock teamsTeams togetherTeam positionsShared explorationLock speedFull tech treeHidden civsTurbo modeCheats
Victory
Defeat
🇨🇳 Georgians · China
1156
+13
🇨🇳 Italians · China
1125
+14
🇹🇷 Huns · Türkiye
1108
+15
🇹🇷 Khmer · Türkiye
1067
+17
🇨🇳 Persians · China
1181
-18
🇸🇬 Britons · Singapore
1072
-35
🇨🇳 Franks · China
1057
-14
🇨🇳 Jurchens · China
1044
-13
ertk
0:55 Loom
8:39 Feudal Age
13:14 Castle Age
11:06 Horse Collar
11:39 Double-Bit Axe
13:39 Wheelbarrow
14:18 Bow Saw
14:30 Heavy Plow
20:38 Gold Mining
22:12 Marauders
27:57 Imperial Age
26:33 Caravan
27:30 Bloodlines
27:21 Husbandry
29:58 Conscription
29:30 Elite Tarkan
30:19 Scale Barding Armor
30:25 Forging
31:40 Pikeman
32:21 Squires
33:42 Halberdier
35:31 Chain Barding Armor
35:12 Scale Mail Armor
35:47 Iron Casting
35:04 Fletching
35:15 Padded Archer Armor
37:59 Plate Barding Armor
37:41 Chain Mail Armor
38:48 Cavalier
40:14 Paladin
47:13 Ballistics
47:04 Masonry
47:55 Chemistry
49:52 Spies/Treason
xiweb
6:35 Feudal Age
9:06 Loom
11:32 Castle Age
9:35 Horse Collar
10:03 Double-Bit Axe
13:19 Bow Saw
16:43 Town Watch
18:33 Gold Mining
18:33 Stone Mining
20:12 Wheelbarrow
22:44 Treadmill Crane
25:50 Imperial Age
24:10 Ballistics
24:20 Hand Cart
24:55 Forging
25:13 Guard Tower
26:21 Svan Towers
26:24 Scale Barding Armor
26:28 Fletching
27:07 Conscription
27:41 Iron Casting
27:55 Stone Shaft Mining
27:26 Heavy Plow
28:18 Bloodlines
28:09 Husbandry
29:04 Bodkin Arrow
29:30 Elite Monaspa
31:49 Hoardings
32:29 Blast Furnace
31:05 Capped Ram
32:22 Arrowslits
33:35 Aznauri Cavalry
34:14 Chain Barding Armor
33:56 Bracer
34:59 Siege Engineers
36:18 Keep
36:56 Siege Ram
40:37 Plate Barding Armor
40:45 Guilds
47:53 Light Cavalry
52:02 Murder Holes
WING123456
7:56 Feudal Age
11:51 Castle Age
10:13 Double-Bit Axe
10:39 Horse Collar
13:36 Bow Saw
18:22 Wheelbarrow
19:40 Loom
20:12 Hand Cart
19:56 Gold Mining
20:00 Stone Mining
25:16 Imperial Age
23:06 Fortified Wall
23:11 Squires
22:56 Arson
23:18 Scale Mail Armor
23:55 Heavy Plow
24:09 Forging
25:05 Chain Mail Armor
25:25 Iron Casting
25:16 Silk Road
25:18 Pikeman
26:33 Plate Mail Armor
26:41 Conscription
26:51 Arson
28:16 Blast Furnace
28:45 Chemistry
32:13 Fletching
32:25 Padded Archer Armor
33:05 Ballistics
32:53 Bodkin Arrow
34:24 Leather Archer Armor
35:28 Bracer
36:33 Elite Genoese Crossbowman
37:47 Ring Archer Armor
37:52 Thumb Ring
39:01 Caravan
40:22 Two-Man Saw
Re1gn
7:32 Feudal Age
10:52 Castle Age
9:16 Double-Bit Axe
10:10 Loom
11:01 Wheelbarrow
10:12 Town Watch
10:57 Horse Collar
13:01 Gold Mining
15:19 Bow Saw
19:03 Stone Mining
21:04 Caravan
27:01 Imperial Age
24:51 Hand Cart
26:52 Scale Barding Armor
27:04 Elite Ballista Elephant
28:48 Chemistry
28:08 Ballistics
28:33 Conscription
28:13 Double Crossbow
29:01 Chain Barding Armor
29:30 Heavy Scorpion
31:26 Plate Barding Armor
31:02 Forging
31:50 Hoardings
32:50 Town Watch
33:46 Iron Casting
33:26 Siege Engineers
33:31 Masonry
39:02 Blast Furnace
47:51 Capped Ram
50:15 Siege Ram
2204528
7:27 Feudal Age
11:55 Castle Age
11:30 Double-Bit Axe
11:32 Horse Collar
11:46 Stone Mining
11:47 Gold Mining
20:02 Loom
27:57 Imperial Age
27:33 Scale Barding Armor
27:38 Forging
28:50 Stone Shaft Mining
28:51 Gold Shaft Mining
30:53 Chain Barding Armor
31:09 Iron Casting
30:25 Fletching
30:34 Murder Holes
30:51 Masonry
30:52 Fortified Wall
31:54 Conscription
30:56 Elite Iron Pagoda
37:28 Plate Barding Armor
37:54 Blast Furnace
37:57 Pikeman
38:37 Squires
38:23 Arson
41:43 Halberdier
43:42 Bow Saw
43:53 Scale Mail Armor
渣渣灰
8:31 Feudal Age
12:41 Castle Age
10:44 Double-Bit Axe
20:03 Bow Saw
20:41 Gold Mining
25:39 Imperial Age
23:47 Wheelbarrow
22:58 Loom
24:44 Hand Cart
24:43 Husbandry
26:26 Forging
26:22 Scale Barding Armor
26:26 Treadmill Crane
26:34 Cavalier
27:53 Iron Casting
27:21 Scale Mail Armor
27:25 Caravan
28:28 Chain Barding Armor
28:10 Paladin
30:22 Gold Shaft Mining
29:38 Stone Mining
30:09 Chain Mail Armor
30:31 Conscription
33:29 Chivalry
34:54 Blast Furnace
40:02 Plate Barding Armor
43:17 Hoardings
42:58 Fortified Wall
42:44 Murder Holes
5720638
6:52 Feudal Age
10:54 Castle Age
9:32 Double-Bit Axe
9:42 Horse Collar
14:31 Fervor
14:43 Loom
24:51 Imperial Age
23:31 Forging
23:55 Scale Barding Armor
24:27 Wheelbarrow
23:38 Town Watch
25:14 Bow Saw
25:08 Heavy Plow
24:59 Gold Mining
25:01 Stone Mining
24:42 Cavalier
25:23 Husbandry
25:35 Bloodlines
27:15 Chain Barding Armor
26:16 Savar
28:11 Two-Man Saw
28:08 Ballistics
28:49 Chemistry
27:46 Murder Holes
28:13 Conscription
28:00 Elite Skirmisher
28:01 Crossbowman
28:49 Kamandaran
29:07 Fletching
29:18 Padded Archer Armor
29:33 Scale Mail Armor
30:09 Bodkin Arrow
31:52 Thumb Ring
34:03 Iron Casting
33:44 Leather Archer Armor
34:01 Crop Rotation
qiuxiunuo
8:16 Feudal Age
13:37 Castle Age
14:01 Wheelbarrow
13:16 Double-Bit Axe
13:17 Horse Collar
17:25 Bow Saw
17:21 Heavy Plow
18:45 Pikeman
21:19 Treadmill Crane
24:36 Hand Cart
25:23 Stone Mining
25:27 Gold Mining
27:22 Yeomen
27:36 Yeomen
27:45 Murder Holes
28:12 Ballistics
27:58 Padded Archer Armor
27:48 Fletching
32:58 Leather Archer Armor
32:39 Bodkin Arrow
38:46 Imperial Age
42:06 Loom
43:45 Halberdier
45:11 Scale Mail Armor
45:21 Forging
Connection lost

Rejoining the realm…

Still unreachable

The connection could not be restored.

Session expired

The server has moved on; the page needs a fresh start.